APL (24 & UNDER)
EL PASO TEXANS @ SCOTTSDALE SCORPIONS
08/29/2027
 
TOP OF THE 1ST
El Paso Texans batting - Pitching for Scottsdale Scorpions : RHP Tomás Muńóz
Pitching: RHP Tomás Muńóz
Batting: RHB Ken Fingers 0-0: Ground out 5-3 (Groundball, 5S)
Batting: RHB Cole Boehmer 0-0: Ball
1-0: Ground out 4-3 (Groundball, 4S)
Batting: LHB Michael Melton 0-0: Swinging Strike
0-1: Ball
1-1: Foul Ball, location: 2F
1-2: Strikes out swinging
Top of the 1st over - 0 run(s), 0 hit(s), 0 error(s), 0 left on base; El Paso 0 - Scottsdale 0
BOTTOM OF THE 1ST
Scottsdale Scorpions batting - Pitching for El Paso Texans : RHP Mike Marks
Pitching: RHP Mike Marks
Batting: LHB Ernesto Hernández 0-0: Foul Ball, location: 2F
0-1: Ball
1-1: Swinging Strike
1-2: Ball
2-2: Ground out 4-3 (Groundball, 4)
Batting: LHB Alberto Roberts 0-0: Ground out 4-3 (Groundball, 4)
Batting: LHB Sergio Fernández 0-0: Called Strike
0-1: Ball
1-1: Ball
2-1: Foul Ball, location: 2F
2-2: Strikes out swinging
Bottom of the 1st over - 0 run(s), 0 hit(s), 0 error(s), 0 left on base; El Paso 0 - Scottsdale 0
TOP OF THE 2ND
El Paso Texans batting - Pitching for Scottsdale Scorpions : RHP Tomás Muńóz
Batting: SHB Oliver Riley 0-0: Ball
1-0: Ball
2-0: Called Strike
2-1: Foul Ball, location: 2F
2-2: Ball
3-2: Ground out 5-3 (Groundball, 56S)
Batting: RHB Javier Álvarez 0-0: Ball
1-0: Swinging Strike
1-1: Foul Ball, location: 2F
1-2: Strikes out swinging
Batting: RHB Domingo Morales 0-0: SINGLE (Line Drive, 8LS)
Batting: RHB Marvin Johnson 0-0: Foul Ball, location: 2F
0-1: Ball
1-1: Swinging Strike
1-2: Strikes out swinging
Top of the 2nd over - 0 run(s), 1 hit(s), 0 error(s), 1 left on base; El Paso 0 - Scottsdale 0
BOTTOM OF THE 2ND
Scottsdale Scorpions batting - Pitching for El Paso Texans : RHP Mike Marks
Batting: RHB Ronald Smith 0-0: SINGLE (Groundball, 6MD)
Batting: RHB Jaime Delgado 0-0: Fly out, F9 (Flyball, 9LS)
Batting: RHB Sergio Domínguez 0-0: Called Strike
0-1: Called Strike
0-2: Ball
1-2: Ball
2-2: Foul Ball, location: 2F
2-2: Foul Ball, location: 2F
2-2: Ball
3-2: Fly out, F5 (Popup, 5S)
Batting: SHB Juan Gonzáles 0-0: Ball
1-0: Foul Ball, location: 2F
1-1: Foul Ball, location: 2F
1-2: Ball
Pickoff Throw by Catcher to First - Error! E2
Ronald Smith to second
2-2: Strikes out swinging
Bottom of the 2nd over - 0 run(s), 1 hit(s), 1 error(s), 1 left on base; El Paso 0 - Scottsdale 0
TOP OF THE 3RD
El Paso Texans batting - Pitching for Scottsdale Scorpions : RHP Tomás Muńóz
Batting: RHB Wayne Carter 0-0: Ball
1-0: Called Strike
1-1: Called Strike
1-2: Ball
2-2: Strikes out swinging
Batting: RHB José Murillo 0-0: Called Strike
0-1: Ball
1-1: Ball
2-1: Ball
3-1: Ground out 6-3 (Groundball, 6)
Batting: RHB Ken Fingers 0-0: Called Strike
0-1: Foul Ball, location: 2F
0-2: Ball
1-2: Ground out 6-3 (Groundball, 56)
Top of the 3rd over - 0 run(s), 0 hit(s), 0 error(s), 0 left on base; El Paso 0 - Scottsdale 0
BOTTOM OF THE 3RD
Scottsdale Scorpions batting - Pitching for El Paso Texans : RHP Mike Marks
Batting: RHB Miguel Ramos 0-0: Fly out, F4 (Popup, 4S)
Batting: SHB Luis López 0-0: Ball
1-0: Foul Ball, location: 2F
1-1: Fly out, F7 (Flyball, 7)
Batting: LHB Ernesto Hernández 0-0: Ball
1-0: Swinging Strike
1-1: Ball
2-1: Foul Ball, location: 2F
2-2: Strikes out looking
Bottom of the 3rd over - 0 run(s), 0 hit(s), 0 error(s), 0 left on base; El Paso 0 - Scottsdale 0
TOP OF THE 4TH
El Paso Texans batting - Pitching for Scottsdale Scorpions : RHP Tomás Muńóz
Batting: RHB Cole Boehmer 0-0: Fly out, F8 (Line Drive, 8LXD)
Batting: LHB Michael Melton 0-0: Foul Ball, location: 2F
0-1: Ball
1-1: Ball
2-1: Foul Ball, location: 2F
2-2: Fly out, F7 (Flyball, 78M)
Batting: SHB Oliver Riley 0-0: Ball
1-0: Fly out, F8 (Flyball, 8LD)
Top of the 4th over - 0 run(s), 0 hit(s), 0 error(s), 0 left on base; El Paso 0 - Scottsdale 0
BOTTOM OF THE 4TH
Scottsdale Scorpions batting - Pitching for El Paso Texans : RHP Mike Marks
Batting: LHB Alberto Roberts 0-0: Ball
1-0: Called Strike
1-1: Foul Ball, location: 2F
1-2: SINGLE (Line Drive, 8RS)
Batting: LHB Sergio Fernández 0-0: Ball
1-0: Swinging Strike
1-1: Swinging Strike
1-2: Foul Ball, location: 2F
1-2: Strikes out swinging
Batting: RHB Ronald Smith 0-0: Called Strike
0-1: Foul Ball, location: 2F
0-2: Foul Ball, location: 2F
0-2: Ball
1-2: Foul Ball, location: 2F
1-2: Ball
2-2: Ground out U3 (Groundball, 34S)
Alberto Roberts to second
Batting: RHB Jaime Delgado 0-0: Called Strike
0-1: Ground out 3-1 (Groundball, 34)
Bottom of the 4th over - 0 run(s), 1 hit(s), 0 error(s), 1 left on base; El Paso 0 - Scottsdale 0
TOP OF THE 5TH
El Paso Texans batting - Pitching for Scottsdale Scorpions : RHP Tomás Muńóz
Batting: RHB Javier Álvarez 0-0: Called Strike
0-1: Swinging Strike
0-2: Strikes out looking
Batting: RHB Domingo Morales 0-0: Ball
1-0: Ball
2-0: Called Strike
2-1: Swinging Strike
2-2: Ball
3-2: Foul Ball, location: 2F
3-2: Strikes out swinging
Batting: RHB Marvin Johnson 0-0: Ball
1-0: Swinging Strike
1-1: Foul Ball, location: 2F
1-2: Ground out 3-1 (Groundball, 34)
Top of the 5th over - 0 run(s), 0 hit(s), 0 error(s), 0 left on base; El Paso 0 - Scottsdale 0
BOTTOM OF THE 5TH
Scottsdale Scorpions batting - Pitching for El Paso Texans : RHP Mike Marks
Batting: RHB Sergio Domínguez 0-0: Ball
1-0: Called Strike
1-1: Ball
2-1: Called Strike
2-2: Foul Ball, location: 2F
2-2: Foul Ball, location: 2F
2-2: Foul Ball, location: 2F
2-2: Ball
3-2: Fly out, F8 (Flyball, 8RM)
Batting: SHB Juan Gonzáles 0-0: Called Strike
0-1: Fly out, F8 (Line Drive, 8RXD)
Batting: RHB Miguel Ramos 0-0: Ball
1-0: Foul Ball, location: 2F
1-1: Swinging Strike
1-2: Foul Ball, location: 2F
1-2: Foul Ball, location: 2F
1-2: Ball
2-2: Strikes out swinging
Bottom of the 5th over - 0 run(s), 0 hit(s), 0 error(s), 0 left on base; El Paso 0 - Scottsdale 0
TOP OF THE 6TH
El Paso Texans batting - Pitching for Scottsdale Scorpions : RHP Tomás Muńóz
Batting: RHB Wayne Carter 0-0: Foul Ball, location: 2F
0-1: Foul Ball, location: 2F
0-2: Ball
1-2: Foul Ball, location: 2F
1-2: Fly out, F9 (Flyball, 9S)
Batting: RHB José Murillo 0-0: Called Strike
0-1: Foul Ball, location: 2F
0-2: Foul Ball, location: 2F
0-2: Ball
1-2: Ball
2-2: Strikes out looking
Batting: RHB Ken Fingers 0-0: Called Strike
0-1: Fly out, F7 (Flyball, 78S)
Top of the 6th over - 0 run(s), 0 hit(s), 0 error(s), 0 left on base; El Paso 0 - Scottsdale 0
BOTTOM OF THE 6TH
Scottsdale Scorpions batting - Pitching for El Paso Texans : RHP Mike Marks
Batting: SHB Luis López 0-0: Ball
1-0: Called Strike
1-1: Ball
2-1: Ball
3-1: Swinging Strike
3-2: Foul Ball, location: 2F
3-2: Strikes out swinging
Batting: LHB Ernesto Hernández 0-0: Called Strike
0-1: Ball
1-1: Ground out 4-3 (Groundball, 4)
Batting: LHB Alberto Roberts 0-0: Called Strike
0-1: Called Strike
0-2: Foul Ball, location: 2F
0-2: Foul Ball, location: 2F
0-2: Ball
1-2: Ground out 3-1 (Groundball, 34)
Bottom of the 6th over - 0 run(s), 0 hit(s), 0 error(s), 0 left on base; El Paso 0 - Scottsdale 0
TOP OF THE 7TH
El Paso Texans batting - Pitching for Scottsdale Scorpions : RHP Tomás Muńóz
Pinch Hitting: LHB John Fitzgerald 0-0: Swinging Strike
0-1: Swinging Strike
0-2: Ball
1-2: Ball
2-2: Ball
3-2: Foul Ball, location: 2F
3-2: Base on Balls
Pinch Hitting: RHB John Wilson 0-0: Called Strike
0-1: Fly out, F8 (Flyball, 8RD)
Batting: SHB Oliver Riley Pickoff Throw to First - Out!
0-0: Ball
1-0: SINGLE (Groundball, 4MD)
Batting: RHB Javier Álvarez 0-0: Ball
1-0: Called Strike
1-1: Foul Ball, location: 2F
1-2: Hit by Pitch
Oliver Riley to second
Pitching: RHP Billy O'Neal
Pinch Hitting: LHB Roberto Félix 0-0: SINGLE (Groundball, 6MD)
Oliver Riley to third
Javier Álvarez to second
Runner from 3rd tries for Home, SAFE, no throw
Batting: RHB Marvin Johnson 0-0: Ball
1-0: Called Strike
1-1: Foul Ball, location: 2F
1-2: Ball
2-2: SINGLE (Line Drive, 4MD)
Javier Álvarez to third
Roberto Félix to second
Pinch Hitting: LHB William Foley 0-0: Called Strike
0-1: Foul Ball, location: 2F
0-2: Strikes out swinging
Top of the 7th over - 1 run(s), 3 hit(s), 0 error(s), 3 left on base; El Paso 1 - Scottsdale 0
BOTTOM OF THE 7TH
Scottsdale Scorpions batting - Pitching for El Paso Texans : RHP Mike Marks
Pitching: RHP Ralph Miller
Now at 2B: Jeffery Ivey
Now at 3B: John Wilson
Now in LF: Roberto Félix
Now in CF: William Foley
Batting: LHB Sergio Fernández 0-0: Called Strike
0-1: Foul Ball, location: 2F
0-2: Ball
1-2: Ball
2-2: Ball
3-2: Strikes out swinging
Batting: RHB Ronald Smith 0-0: Swinging Strike
0-1: Foul Ball, location: 2F
0-2: Foul Ball, location: 2F
0-2: Strikes out swinging
Batting: RHB Jaime Delgado 0-0: Called Strike
0-1: Ball
1-1: Ball
2-1: SINGLE (Groundball, 34D)
Batting: RHB Sergio Domínguez 0-0: Ball
1-0: Foul Ball, location: 2F
1-1: Hit by Pitch
Jaime Delgado to second
Pinch Hitting: SHB Arnold Moore 0-0: Called Strike
0-1: SINGLE (Line Drive, 9LS)
Jaime Delgado to third
Sergio Domínguez to second
Runner from 3rd tries for Home, SAFE, no throw
Pinch Hitting: RHB Brian Stewart 0-0: Foul Ball, location: 2F
0-1: Ball
1-1: Called Strike
1-2: Strikes out looking
Bottom of the 7th over - 1 run(s), 2 hit(s), 0 error(s), 2 left on base; El Paso 1 - Scottsdale 1
TOP OF THE 8TH
El Paso Texans batting - Pitching for Scottsdale Scorpions : RHP Billy O'Neal
Now at 3B: Arnold Moore
Now at SS: Ricardo Gutiérrez
Batting: RHB José Murillo 0-0: Ball
1-0: Foul Ball, location: 2F
1-1: Called Strike
1-2: Ball
2-2: Strikes out swinging
Batting: RHB Ken Fingers 0-0: Ball
1-0: Swinging Strike
1-1: Called Strike
1-2: Ball
2-2: Foul Ball, location: 2F
2-2: Strikes out swinging
Batting: SHB Jeffery Ivey 0-0: Fly out, F5 (Flyball, 5D)
Top of the 8th over - 0 run(s), 0 hit(s), 0 error(s), 0 left on base; El Paso 1 - Scottsdale 1
BOTTOM OF THE 8TH
Scottsdale Scorpions batting - Pitching for El Paso Texans : RHP Ralph Miller
Pinch Hitting: SHB Ralph Robison 0-0: Ground out 1-3 (Groundball, 13)
Pinch Hitting: LHB Manny Vigil 0-0: Ball
1-0: Called Strike
1-1: Ground out U3 (Groundball, 34)
Pinch Hitting: LHB José Garza 0-0: Ball
1-0: Foul Ball, location: 2F
1-1: Called Strike
1-2: Ball
2-2: Strikes out swinging
Bottom of the 8th over - 0 run(s), 0 hit(s), 0 error(s), 0 left on base; El Paso 1 - Scottsdale 1
TOP OF THE 9TH
El Paso Texans batting - Pitching for Scottsdale Scorpions : RHP Billy O'Neal
Pitching: RHP Jesús Ramírez
Now in LF: Edgardo Gonzáles
Now in CF: José Garza
Now in RF: Justin Holland
Batting: RHB John Wilson 0-0: Ball
1-0: Foul Ball, location: 2F
1-1: Foul Ball, location: 2F
1-2: Ground out 5-3 (Groundball, 5)
Batting: SHB Oliver Riley 0-0: SINGLE (Line Drive, 4MD)
Batting: RHB Javier Álvarez 0-0: Ball
1-0: Called Strike
1-1: Ball
2-1: Called Strike
2-2: Strikes out swinging
Batting: LHB Roberto Félix 0-0: Ball
1-0: Ball
2-0: Swinging Strike
2-1: Foul Ball, location: 2F
2-2: Strikes out swinging
Top of the 9th over - 0 run(s), 1 hit(s), 0 error(s), 1 left on base; El Paso 1 - Scottsdale 1
BOTTOM OF THE 9TH
Scottsdale Scorpions batting - Pitching for El Paso Texans : RHP Ralph Miller
Pitching: RHP Bill Hines
Batting: LHB Sergio Fernández 0-0: Ball
1-0: Called Strike
1-1: Ball
2-1: Foul Ball, location: 2F
2-2: Strikes out swinging
Batting: RHB Ronald Smith 0-0: Ball
1-0: Foul Ball, location: 2F
1-1: Foul Ball, location: 2F
1-2: Strikes out swinging
Batting: RHB Jaime Delgado 0-0: Fly out, F9 (Flyball, 9LMF)
Bottom of the 9th over - 0 run(s), 0 hit(s), 0 error(s), 0 left on base; El Paso 1 - Scottsdale 1
TOP OF THE 10TH
El Paso Texans batting - Pitching for Scottsdale Scorpions : RHP Jesús Ramírez
Batting: RHB Marvin Johnson 0-0: Called Strike
0-1: Ball
1-1: Ball
2-1: Swinging Strike
2-2: Ball
3-2: Fly out, F4 (Line Drive, 4)
Batting: LHB William Foley 0-0: Ball
1-0: Foul Ball, location: 2F
1-1: Ball
2-1: Ball
3-1: Base on Balls
Batting: RHB José Murillo 0-0: Ball
Wild Pitch!
William Foley to second
1-0: Intentional Walk
Batting: RHB Ken Fingers 0-0: Called Strike
0-1: Swinging Strike
0-2: Ball
1-2: Strikes out swinging
Batting: SHB Jeffery Ivey 0-0: Called Strike
0-1: DOUBLE (Line Drive, 8RXD)
William Foley scores
José Murillo to third
Runner from 3rd tries for Home, SAFE, no throw
Pitching: RHP Martin Miller
Batting: RHB John Wilson 0-0: Ground out 5-3 (Groundball, 5)
Top of the 10th over - 2 run(s), 1 hit(s), 0 error(s), 1 left on base; El Paso 3 - Scottsdale 1
BOTTOM OF THE 10TH
Scottsdale Scorpions batting - Pitching for El Paso Texans : RHP Bill Hines
Pitching: RHP Firmino Orsi
Batting: RHB Sergio Domínguez 0-0: Ball
1-0: Foul Ball, location: 2F
1-1: Ball
2-1: Called Strike
2-2: Ball
3-2: Base on Balls
Batting: SHB Arnold Moore 0-0: Called Strike
0-1: Ball
1-1: Ball
2-1: SINGLE (Groundball, 6) (infield hit)
Sergio Domínguez to second
Batting: RHB Ricardo Gutiérrez 0-0: Called Strike
0-1: Sac Bunt - play at third, runner OUT! 3-5
Arnold Moore to second
Batting: RHB Edgardo Gonzáles 0-0: Ball
1-0: Ball
2-0: Ball
3-0: Called Strike
3-1: Fly out, F2 (Popup, 23)
Batting: LHB Justin Holland 0-0: Foul Ball, location: 2F
0-1: Fly out, F7 (Flyball, 7)
Bottom of the 10th over - 0 run(s), 1 hit(s), 0 error(s), 2 left on base; El Paso 3 - Scottsdale 1
Thursday, March 30th, 2017 - OOTP Baseball 17.12 Build 75